AoeStats
← Crab_King

Arabia

507783959Analyzed
2v2 RM · 14d ago on Sep 19, 2026· 48m 9s· 4 players
Game mode
Random Map
Map size
Medium (4 player)
Population
200
Speed
Normal
Resources
Standard
Victory
Conquest
Starting age
Dark Age
Ending age
Imperial Age
RankedLock teamsTeams togetherTeam positionsShared explorationLock speedFull tech treeHidden civsTurbo modeCheats
Victory
Defeat
🇧🇷 Maya · Brazil
1060
+12
🇧🇷 Hindustanis · Brazil
998
+15
🇭🇺 Mongols · Hungary
996
-14
🇺🇸 Maya · United States
960
-13
wxyz80
10:26 Feudal Age
10:41 Loom
19:21 Castle Age
18:36 Double-Bit Axe
21:39 Bow Saw
24:15 Squires
24:21 Fletching
26:17 Scale Barding Armor
28:36 Bloodlines
30:34 Gold Mining
31:22 Wheelbarrow
32:43 Gold Shaft Mining
32:50 Bodkin Arrow
34:10 Forging
35:45 Thumb Ring
40:07 Imperial Age
39:36 Iron Casting
40:45 Padded Archer Armor
41:55 Ballistics
41:04 Onager
42:17 Bracer
42:41 Elite Skirmisher
44:34 Blast Furnace
48:45 Parthian Tactics
47:41 Heavy Cavalry Archer
Crab_King
0:28 Loom
10:20 Feudal Age
10:46 Double-Bit Axe
14:31 Wheelbarrow
14:38 Gold Mining
14:54 Horse Collar
16:38 Fletching
18:29 Town Watch
22:06 Castle Age
20:31 Padded Archer Armor
22:50 Bodkin Arrow
22:27 Crossbowman
23:40 Thumb Ring
24:41 Leather Archer Armor
29:31 Ballistics
37:40 Imperial Age
38:33 Bow Saw
38:25 Bracer
37:49 Arbalester
40:19 Chemistry
40:40 Stone Mining
41:56 Ring Archer Armor
44:01 Heavy Plow
Balbinot0101711
7:16 Loom
9:47 Feudal Age
10:31 Double-Bit Axe
12:17 Horse Collar
19:03 Bloodlines
21:13 Castle Age
20:02 Scale Mail Armor
20:13 Forging
21:27 Gold Mining
21:57 Husbandry
22:17 Chain Mail Armor
22:37 Iron Casting
30:03 Heavy Plow
30:27 Stone Mining
31:12 Gold Shaft Mining
31:42 Wheelbarrow
33:53 Fletching
34:03 Padded Archer Armor
37:25 Imperial Age
35:55 Hand Cart
37:09 Bodkin Arrow
37:30 Leather Archer Armor
40:04 Conscription
40:37 Bracer
40:44 Scale Barding Armor
41:35 Hoardings
41:33 Heavy Camel Rider
43:51 Imperial Camel Rider
44:41 Town Watch
44:38 Elite Ghulam
46:26 Ring Archer Armor
46:56 Blast Furnace
48:13 Ballistics
47:49 Murder Holes
duduh69
0:28 Loom
10:14 Feudal Age
11:20 Double-Bit Axe
21:17 Castle Age
19:08 Horse Collar
20:35 Gold Mining
20:36 Fletching
20:47 Padded Archer Armor
21:42 Crossbowman
22:18 Bodkin Arrow
22:52 Bow Saw
24:00 Wheelbarrow
25:07 Ballistics
25:32 Thumb Ring
27:42 Leather Archer Armor
27:35 Pikeman
28:15 Squires
31:24 Scale Mail Armor
31:35 Forging
37:44 Imperial Age
36:16 Masonry
36:14 Stone Mining
35:56 Elite Skirmisher
38:13 Hand Cart
38:34 Iron Casting
38:49 Conscription
40:09 Two-Man Saw
39:09 Heavy Plow
39:21 Bracer
39:34 Town Watch
39:42 Arbalester
41:01 Halberdier
41:58 Chain Mail Armor
43:35 Chemistry
44:25 Ring Archer Armor
43:53 Eagle Warrior
44:18 Arson
47:00 Blast Furnace
46:31 Plate Mail Armor
46:41 Elite Eagle Warrior
Connection lost

Rejoining the realm…

Still unreachable

The connection could not be restored.

Session expired

The server has moved on; the page needs a fresh start.